 Dungeon Crawl Stone Soup version 0.18.1-47-g9310371 (webtiles) character file.

1778 Gargoyl the Covered (level 8, -4/62 HPs)
             Began as a Demonspawn Abyssal Knight on June 14, 2016.
             Was a High Priest of Lugonu.
             Killed from afar by Joseph (26 damage)
             ... with a wand of acid
             ... on level 7 of the Dungeon.
             The game lasted 00:09:30 (4725 turns).

Gargoyl the Covered (Demonspawn Abyssal Knight)     Turns: 4725, Time: 00:09:31

Health: -4/62      AC:  6    Str: 15    XL:     8   Next: 81%
Magic:  10/10      EV: 17    Int: 13    God:    Lugonu [*****.]
Gold:   194        SH:  0    Dex: 13    Spells: 0 memorised, 7 levels left

rFire  . . .     SeeInvis .     a - +1 hand axe
rCold  . . .     Gourm    .     q - +0 scale mail (curse)
rNeg   . . .     Faith    .     (no shield)
rPois  .         Spirit   .     (helmet restricted)
rElec  .         Dismiss  .     (no cloak)
rCorr  .         Reflect  .     (no gloves)
SustAt .         Harm     .     (no boots)
MR     .....                    (no amulet)
Stlth  ..........               r - ring of loudness (curse)
                                j - +5 ring of evasion

@: corroded, not resistant to hostile enchantments, extremely unstealthy
A: horns 1, slimy green scales 2, spiny 1
a: Depart the Abyss, Bend Space, Banish, Corrupt, Enter the Abyss, Renounce
Religion


You were on level 7 of the Dungeon.
You worshipped Lugonu.
Lugonu was extremely pleased with you.
You were not hungry.

You visited 1 branch of the dungeon, and saw 6 of its levels.
You visited the Abyss 1 time.
You also visited: Sewer.

You collected 320 gold pieces.
You spent 126 gold pieces at shops.

Inventory:

Hand Weapons
 a - a +1 hand axe (weapon)
Armour
 q - a cursed +0 scale mail (worn)
 w - a +0 chain mail
Jewellery
 j - a +5 ring of evasion (left hand)
 r - a cursed ring of loudness (right hand)
 x - a +5 ring of protection {unknown}
 y - an uncursed ring of sustain attributes
Wands
 d - a wand of flame (21/48)
 p - a wand of disintegration (12/24)
 v - a wand of iceblast (6/15)
Scrolls
 u - a scroll of blinking
Potions
 b - 3 potions of lignification
 e - a potion of beneficial mutation {unknown}
 g - a potion of invisibility {unknown}
 h - a potion of cure mutation {unknown}
 k - a potion of flight {unknown}
 l - a potion of resistance {unknown}
 m - a potion of haste {unknown}
 n - a potion of heal wounds
 o - 5 potions of curing
 s - a potion of magic {unknown}
 t - a potion of might {unknown}
Comestibles
 c - 3 bread rations
 f - 3 meat rations
 i - 2 slices of pizza


   Skills:
 + Level 5.2 Fighting
 + Level 4.6 Axes
 * Level 6.3 Armour
 + Level 5.7 Dodging
 + Level 0.4 Stealth
 + Level 2.7 Invocations


You had 7 spell levels left.
You didn't know any spells.

Dungeon Overview and Level Annotations

Branches:
Dungeon (7/15)             Temple (0/1) D:6

Altars:

Shops:
D:6 !

Annotations:
D:7 Joseph


Innate Abilities, Weirdness & Mutations

You have a pair of small horns on your head.
You are mostly covered in slimy green scales (AC +3).
You are partially covered in sharp spines.


Message History

Joseph is struck by your spines. Joseph barely misses you.
Unknown command.
Joseph barely misses you.
You closely miss Joseph.
Joseph is lightly wounded.
Joseph is struck by your spines. Joseph hits you with a hunting sling.
You closely miss Joseph.
Joseph is lightly wounded.
Joseph is struck by your spines. Joseph closely misses you.
You closely miss Joseph. You headbutt Joseph.
Joseph is moderately wounded.
Joseph zaps a wand.
The bolt of acid hits you! The acid corrodes you!
The acid burns!
It is a wand of acid.
You hit Joseph but do no damage.
Joseph is moderately wounded.
Joseph is struck by your spines. Joseph closely misses you.
You hit Joseph. You headbutt Joseph.
Joseph is heavily wounded.
Joseph zaps a wand.
The bolt of acid hits you!
You die...

..... #. ...... ..
...... ####### ## #.
....# ......#
..##.####....# ......#
.............# ......+
.............# ......#
.............# ......#
......@@.....## ......#
...............
......####+#####)##...##
#####........###)##...#
#...#........#........#
#...#........'........#
#...#........#.........#
'...#........#.........#
#####........######+####


You could see Joseph.

Vanquished Creatures
  Eustachio (D:5)
  Duvessa (D:6)
  A sky beast (D:6)
  A phantom (D:6)
  A centaur (D:5)
  4 giant frogs
  Dowan (D:6)
  2 scorpions (D:6)
  4 wights (D:6)
  A howler monkey (D:6)
  A crimson imp (D:6)
  A centaur zombie (D:5)
  A giant frog zombie (D:6)
  2 orc wizards
  An orc priest (D:6)
  3 hounds
  An iguana (D:5)
  2 worker ants
  12 adders
  A shadow imp (D:5)
  19 oozes
  An adder skeleton (D:7)
  3 worms
  A dart slug (D:1)
  7 giant geckos
  13 orcs
  5 bats
  4 giant cockroaches
  5 goblins
  9 hobgoblins
  9 jackals
  8 kobolds
  2 quokkas
  7 ball pythons
  17 giant newts
  7 rats
159 creatures vanquished.

Notes
Turn   | Place    | Note
--------------------------------------------------------------
     0 | Abyss:1  | Gargoyl the Demonspawn Abyssal Knight began the quest for the Orb.
     0 | Abyss:1  | Reached XP level 1. HP: 18/18 MP: 2/2
    58 | Abyss:1  | Noticed a small abomination
    86 | Abyss:1  | Noticed a small abomination
   101 | D:1      | Escaped the Abyss
   340 | D:1      | Reached * piety under Lugonu
   365 | D:1      | Reached skill level 1 in Dodging
   389 | D:1      | Gained mutation: You are partially covered in slimy green scales (AC +2). [demonic ancestry]
   389 | D:1      | Reached XP level 2. HP: 20/24 MP: 3/3
   457 | D:1      | Reached skill level 2 in Armour
  1021 | D:1      | Gained mutation: You are partially covered in sharp spines. [demonic ancestry]
  1021 | D:1      | Reached XP level 3. HP: 29/29 MP: 5/5
  1378 | D:2      | Reached XP level 4. HP: 35/35 MP: 6/6
  1473 | D:2      | Reached ** piety under Lugonu
  1789 | D:3      | Reached skill level 3 in Armour
  2064 | D:3      | Gained mutation: You have a pair of small horns on your head. [demonic ancestry]
  2064 | D:3      | Reached XP level 5. HP: 41/41 MP: 7/7
  2209 | D:3      | You fall through a shaft for 2 floors!
  2209 | D:5      | Entered Level 5 of the Dungeon
  2376 | D:5      | Noticed Eustachio
  2420 | D:5      | Killed Eustachio
  2420 | D:5      | Reached skill level 4 in Armour
  2420 | D:5      | Gained mutation: You are mostly covered in slimy green scales (AC +3). [demonic ancestry]
  2420 | D:5      | Reached XP level 6. HP: 21/48 MP: 8/8
  2966 | D:5      | Reached *** piety under Lugonu
  3224 | D:6      | Found Naolloca's Distillery.
  3226 | D:6      | Bought a potion of curing for 42 gold pieces
  3226 | D:6      | Bought a potion of curing for 42 gold pieces
  3226 | D:6      | Bought a potion of curing for 42 gold pieces
  3259 | D:6      | Reached XP level 7. HP: 51/54 MP: 9/9
  3292 | D:6      | Noticed Duvessa
  3298 | D:6      | Noticed Dowan
  3459 | D:6      | Reached skill level 5 in Armour
  3470 | D:6      | Reached XP level 8. HP: 46/61 MP: 10/10
  3562 | D:6      | Killed Dowan
  3564 | D:6      | Killed Duvessa
  3626 | D:6      | Reached skill level 5 in Dodging
  3657 | D:6      | Found a glowing drain.
  3667 | Sewer    | Entered a sewer
  3671 | Sewer    | Reached skill level 5 in Fighting
  3769 | Sewer    | Reached **** piety under Lugonu
  3970 | Sewer    | Reached skill level 6 in Armour
  4101 | D:6      | Found a staircase to the Ecumenical Temple.
  4122 | D:6      | Reached ***** piety under Lugonu
  4711 | D:7      | Noticed Joseph
  4725 | D:7      | Killed from afar by Joseph

Skill      XL: |  1  2  3  4  5  6  7  8 |
---------------+-------------------------+-----
Axes           | 2 3 4 |  4.6
Dodging        | 1 2 3 4 5 |  5.7
Armour         | 2 3 4 5 6 |  6.3
Fighting       | 4 5 |  5.2
Stealth        | |  0.4
Invocations    | |  2.7

Action                   |  1- 3 |  4- 6 |  7- 9 || total
-------------------------+-------+-------+-------++-------
Melee: Hand axe          |    93 |   117 |   143 ||   353
       Headbutt          |       |    10 |    27 ||    37
Invok: Depart the Abyss  |     1 |       |       ||     1
  Use: Potion            |       |     3 |       ||     3
       Scroll            |       |     5 |     5 ||    10
  Eat: Chunk             |     2 |     5 |     6 ||    13
Armor: Ring mail         |    42 |    11 |       ||    53
       Skin              |       |    31 |       ||    31
       Scale mail        |       |    34 |    40 ||    74
Dodge: Dodged            |    53 |   131 |   135 ||   319
